 Dungeon Crawl Stone Soup version 0.27-a0-978-g2aa4ecdaef (webtiles) character file.

Game seed: 11562159722475958669

86 stormannn the Magician (level 4, -6/33 HPs)
             Began as a Djinni Wanderer on Apr 14, 2021.
             Was a Believer of Jiyva.
             Mangled by a gnoll shaman
             ... wielding a +2 vampiric dagger
              (8 damage)
             ... on level 3 of the Dungeon.
             The game lasted 00:08:49 (4536 turns).

stormannn the Magician (Djinni Wanderer)            Turns: 4536, Time: 00:08:49

Health: -6/33      AC:  5    Str: 12    XL:     4   Next: 49%
Gold:   48         EV: 10    Int: 15    God:    Jiyva [**....] SH:  4 Dex: 11

rFire    + + +     SeeInvis .   a - +0 club
rCold    . . .     Faith    .   c - +0 buckler
rNeg     . . .     Spirit   .   b - +0 ring mail
rPois    ∞         Reflect  .   (no helmet)
rElec    +         Harm     .   (no cloak)
rCorr    +         Rampage  .   (no gloves)
Will     .....                  (boots unavailable)
Stlth    +.........             (no amulet)
HPRegen  0.11/turn              (no ring)
MPRegen  0.00/turn              (no ring)

@: resistant, on berserk cooldown, flying, slowed, very slow
A: fire resistance 2, cold vulnerability 1, float, innate caster, hp casting,
extra vitality 1
a: Renounce Religion, Request Jelly


You were on level 3 of the Dungeon.
You worshipped Jiyva.
Jiyva was pleased with you.
You visited 1 branch of the dungeon, and saw 4 of its levels.

You collected 48 gold pieces.

Inventory:

Hand Weapons
 a - a +0 club (weapon)
Armour
 b - a +0 ring mail (worn)
 c - a +0 buckler (worn)
Scrolls
 d - 3 scrolls of identify {unknown}
 e - a scroll of noise {unknown}
 f - a scroll of teleportation {unknown}
 g - a scroll of magic mapping {unknown}
 j - 2 scrolls of fear {unknown}
Potions
 i - a potion of flight {unknown}
 k - a potion of berserk rage
 l - a potion of degeneration {unknown}


   Skills:
 + Level 1.8 Fighting
 - Level 1.5 Maces & Flails
 - Level 2.0 Armour
 * Level 2.3 Dodging
 + Level 2.6 Shields
 * Level 3.3 Spellcasting


You couldn't memorise any spells.
You knew the following spells:

 Your Spells              Type           Power      Damage    Failure   Level
a - Magic Dart            Conj           48%        1d5       13%         1
b - Blink                 Tloc           N/A        N/A       21%         2
c - Call Imp              Summ           12%        N/A       21%         2
d - Slow                  Hex            12%        N/A       21%         2
e - Conjure Flame         Conj/Fire      12%        6-21      36%         3
f - Mephitic Cloud        Conj/Pois/Air  12%        N/A       36%         3
g - Animate Skeleton      Necr           24%        N/A       13%         1
Your spell library was empty.

Dungeon Overview and Level Annotations

Branches:
Dungeon (4/15)
 Temple: D:4-7

Altars:
Cheibriados
Vehumet
Jiyva


Innate Abilities, Weirdness & Mutations

You are immune to poison.
Your flesh is very heat resistant. (rF++)
You are vulnerable to cold. (rC-)
You float through the air rather than walking.
You learn spells naturally, not from books.
Your magical power is your life essence.
You have superior vitality. (+4 HP)


Message History

You miscast Magic Dart.
You are very lightly contaminated with residual magic.
Nothing appears to happen.
The gnoll shaman hits the jelly with a +2 vampiric dagger.
The gnoll shaman is burned by acid!
The gnoll hits you from afar with a +0 spear.
The jelly closely misses the gnoll shaman.
It was a potion of berserk rage.
A red film seems to cover your vision as you go berserk!
You feel yourself moving faster!
You feel mighty! You block the gnoll's attack.
The gnoll shaman hits the jelly with a +2 vampiric dagger!
The gnoll shaman is burned by acid!
The jelly barely misses the gnoll shaman.
You block the gnoll's attack.
You are too berserk!
You feel a strong urge to attack something.
The gnoll shaman hits the jelly with a +2 vampiric dagger.
The gnoll shaman is healed.
The jelly dies!
You closely miss the gnoll. The gnoll hits you with a +0 spear.
* * * LOW HITPOINT WARNING * * *
The gnoll hits you with a +0 spear.
* * * LOW HITPOINT WARNING * * *
You block the gnoll's attack.
You feel a strong urge to attack something.
You feel your anger nearly subside.
You are no longer berserk.
You are exhausted.
You feel yourself slow down.
The gnoll is no longer moving quickly.
Your magical contamination has completely faded away.
You hear a distant slurping noise.
Jiyva appreciates your sacrifice.
There is a stone staircase leading up here.
The gnoll shaman hits you with a +2 vampiric dagger.
* * * LOW HITPOINT WARNING * * *
You fly upwards.
There is a stone staircase leading down here.
It was a potion of resistance.
You feel protected.
The gnoll shaman hits you with a +2 vampiric dagger!
You die...

..#.#.##.#.#...##.#..........#
..#.#....#.#...##.#......########
..#..####..#...#..#..........#...
..#........#.....##......###.#.##
...########..#..####.J...#...#...
.....J...........# #J....#.#####.
...######........###.#####.......
#### #.......g.##.## #.#####.
#.......@.....####...#...
#..........#.....###.#.##
#....................#...
#####..####..##..######## #....##
#...#### #... ##.#### ##...##
#### ##..# #.#..## #..## #.##..##
# ####.##### #.###<.# #


You could see a gnoll shaman.

Vanquished Creatures
  An orc priest (D:4)
  Terence (D:2)
  A worm (D:3)
  5 ball pythons
  3 bats (D:1)
  An endoplasm (D:1)
  A giant cockroach (D:4)
  5 goblins
  3 hobgoblins
  A jackal (D:2)
  2 frilled lizards (D:1)
  3 kobolds
  6 rats
33 creatures vanquished.

Vanquished Creatures (others)
  2 jellies
  An orc wizard (D:4)
  2 gnolls (D:4)
  2 adders
  A worm (D:2)
  2 dart slugs
  An orc (D:4)
  A bat (D:2)
  5 giant cockroaches
  A goblin (D:2)
  4 hobgoblins
  2 jackals (D:2)
  2 kobolds
  2 ball pythons
  A frilled lizard (D:3)
  2 rats (D:3)
31 creatures vanquished.

Grand Total: 64 creatures vanquished

Notes
Turn   | Place    | Note
-------+----------+-------------------------------------------
     0 | D:1      | stormannn the Djinni Wanderer began the quest for the Orb.
     0 | D:1      | Reached XP level 1. HP: 17/17 MP: 0/0
   469 | D:1      | Reached XP level 2. HP: 20/22 MP: 0/0
   471 | D:1      | Reached skill level 1 in Dodging
  1234 | D:1      | Found a faded altar of an unknown god.
  1897 | D:1      | Became a worshipper of Jiyva Josoot the Shapeless
  1897 | D:1      | Reached * piety under Jiyva
  2361 | D:2      | Reached skill level 3 in Spellcasting
  2361 | D:2      | Reached XP level 3. HP: 25/27 MP: 0/0
  2361 | D:2      | Learned a level 1 spell: Animate Skeleton
  2615 | D:2      | Noticed Terence
  2623 | D:2      | Killed Terence
  3148 | D:3      | Reached ** piety under Jiyva
  3392 | D:3      | Found a snail-covered altar of Cheibriados.
  3811 | D:4      | Reached XP level 4. HP: 19/33 MP: 0/0
  4536 | D:3      | Mangled by a gnoll shaman

Illustrated notes

Levels and vault maps discovered:
D:1:      dpeg_arrival_circle_labyrinth_c, layout_basic, basic_ecumenical_altar,
          chequers_serial_rivers_micro_b, serial_bayou_lagoon_a
D:2:      layout_basic, uniq_terence
D:3:      layout_rooms, nicolae_overflow_crystal_walls, lemuel_crystal_altar,
          minmay_misc_feat_ornament, minivault_11
D:4:      layout_loops_ring, nicolae_overflow_hidden_temple

Skill      XL: |  1  2  3 |
---------------+----------+-----
Dodging        | 1 2 |  2.3
Spellcasting   | 3 |  3.3
Fighting       | |  1.8
Maces & Flails | |  1.5
Armour         | |  2.0
Shields        | |  2.6

Action                   |  1- 3 |  4- 6 || total
-------------------------+-------+-------++-------
Melee: Club              |    85 |     3 ||    88
 Cast: Magic Dart        |    44 |    10 ||    54
       Call Imp          |       |     1 ||     1
Invok: Request Jelly     |     2 |       ||     2
  Use: Potion            |     2 |     2 ||     4
Armor: Ring mail         |    32 |       ||    32
Dodge: Dodged            |    46 |       ||    46
Block: Buckler           |    11 |     3 ||    14

Table legend: (Time is in decaauts)
 A = Elapsed time spent in this place.
 B = Non-inter-level travel time spent in this place.
 C = Inter-level travel time spent in this place.
 D = Time resting spent in this place.
 E = Time spent auto-exploring this place.
 F = Levels seen in this place.
 G = Mean time per level.
                   A        B        C        D        E       F      G
               +--------+--------+--------+--------+--------+-----+--------+
         Total |   4561 |   4330 |    231 |   1502 |   2401 |   4 | 1140.2 |
       Dungeon |   4561 |   4330 |    231 |   1502 |   2401 |   4 | 1140.2 |
               +--------+--------+--------+--------+--------+-----+--------+

Top non-repeatable levels by time:
     D:1: 2139 daAuts
     D:2: 975 daAuts
     D:4: 775 daAuts
     D:3: 671 daAuts
